 Dungeon Crawl Stone Soup version 0.30-a0-845-g7c6808c8ce (webtiles) character file.

Game seed: 13023817027325820526

6 freelancePsychic the Changer (level 2, -32/21 HPs)
             Began as a Human Wanderer on Mar 2, 2023.
             Killed by an exploding jackal (51 damage)
             ... ignited by their inner flame
             ... on level 1 of the Dungeon.
             The game lasted 00:01:10 (408 turns).

freelancePsychic the Changer (Human Wanderer)        Turns: 408, Time: 00:01:11

Health: -32/21     AC:  2    Str:  8    XL:     2   Next: 0%
Magic:  1/3        EV: 11    Int: 15    God:
Gold:   43         SH:  4    Dex: 13    Spells: 2/3 levels left

rFire   . . .      SeeInvis .    a - +0 dagger
rCold   . . .      Faith    .    b - +0 buckler
rNeg    . . .      Spirit   .    d - +0 robe
rPois   .          Reflect  .    (no helmet)
rElec   .          Rampage  .    (no cloak)
rCorr   .                        (no gloves)
Will    .....                    (no boots)
Stlth   +                        (no amulet)
HPRegen 0.23/turn                (no ring)
MPRegen 0.08/turn                (no ring)

@: no status effects
A: no striking features
a: no special abilities


You were on level 1 of the Dungeon.
You visited 1 branch of the dungeon, and saw 1 of its levels.

You collected 43 gold pieces.

Inventory:

Hand Weapons
 a - a +0 dagger (weapon)
Armour
 b - a +0 buckler (worn)
 d - a +0 robe (worn)
Jewellery
 f - a ring of protection from cold
Potions
 e - a potion of curing {@q1}
 g - a potion of brilliance {unknown}


   Skills:
 + Level 1.2 Fighting
 - Level 1.0 Armour
 - Level 2.0 Dodging
 - Level 2.0 Shields
 - Level 1.0 Spellcasting
 + Level 3.1 Transmutations
 + Level 0.4 Fire Magic
 + Level 0.4 Poison Magic


You had 2 spell levels left.
You knew the following spells:

 Your Spells              Type           Power      Damage    Failure   Level
a - Sting                 Tmut/Pois      24%        1d4       16%         1

Your spell library contained the following spells:

 Spells                   Type           Power      Damage    Failure   Level
 Slow                     Hex            0%         N/A       32%         1
 Spider Form              Tmut/Pois      6%         N/A       43%         3
 Ignite Poison            Fire/Tmut/Pois 4%         N/A       50%         3
 Confusing Touch          Hex            0%         N/A       67%         3
 Vampiric Draining        Necr           0%         2d6       67%         3


Dungeon Overview and Level Annotations

Branches:
Dungeon (1/15)

Altars:


Message History

Found a spear.
You now have 43 gold pieces (gained 17).
A frilled lizard and a jackal come into view.
The jackal barks!
There are monsters nearby!
There are monsters nearby!
Found a potion of curing.
You block the jackal's attack.
The sting misses the jackal.
The jackal completely misses you.
A jackal comes into view.
The jackal closely misses you.
The sting hits the jackal.
The jackal is poisoned.
The jackal is moderately wounded.
The jackal barks!
The jackal closely misses you.
You closely miss the jackal.
The jackal is moderately wounded.
The jackal barely misses you.
The jackal bites you but does no damage.
You barely miss the jackal.
The jackal is moderately wounded.
The jackal bites you but does no damage.
You closely miss the jackal.
The jackal is moderately wounded.
The jackal barely misses you. The jackal closely misses you.
You closely miss the jackal.
The jackal is heavily wounded.
The jackal bites you.
The jackal bites you but does no damage.
The jackal closely misses you.
As you read the scroll labelled ZOQEURPHAOFU, it crumbles to dust.
The creatures around you are filled with an inner flame!
It was a scroll of immolation.
Flame seeps out of the jackal.
The jackal barely misses you.
The jackal is engulfed in blazing flames.
The jackal explodes!
The fiery explosion engulfs the frilled lizard!!!
The fiery explosion engulfs you!!!
Ouch! That really hurt!
You die...

###### ######### #....#
#.......##
#....###########.###....##
#........§○@.......+.....#
#......#.§##h....#.#.....###
####........................
#...#...........#.....###
#...##+#########.........
#.... ... #.÷....... .......
....#......... .......).
#....#....... ............
##.##........


You could see a jackal (inner flame).

Vanquished Creatures
  An endoplasm (D:1)
  A hobgoblin (D:1)
  A jackal (D:1)
  A quokka (D:1)
  A ball python (D:1)
  2 frilled lizards (D:1)
  A rat (D:1)
8 creatures vanquished.

Notes
Turn   | Place    | Note
-------+----------+-------------------------------------------
     0 | D:1      | freelancePsychic the Human Wanderer began the quest for the
                  | Orb.
     0 | D:1      | freelancePsychic set off with the following items: a +0
                  | dagger, a +0 buckler, a potion of invisibility, a +0 robe,
                  | a potion of curing {@q1}; and the following spell
                  | memorised: Sting; and the following spells available to
                  | memorise: Spider Form, Ignite Poison.
     0 | D:1      | Reached XP level 1. HP: 15/15 MP: 2/2
   251 | D:1      | Reached XP level 2. HP: 10/21 MP: 0/3
   408 | D:1      | Killed by an exploding jackal... ignited by their inner
                  | flame

Illustrated notes

Levels and vault maps discovered:
D:1:      minmay_arrival_up_and_down, layout_basic,
          chequers_serial_rivers_large_a, minmay_shallow_snake_nest

Action                     || total
---------------------------++-------
  Melee: Dagger            ||    17
   Cast: Sting             ||     8
    Use: Potion            ||     1
         Scroll            ||     1
 Armour: Robe              ||     3
  Dodge: Dodged            ||    16
  Block: Buckler           ||     6

Table legend: (Time is in decaauts)
 A = Elapsed time spent in this place.
 B = Non-inter-level travel time spent in this place.
 C = Inter-level travel time spent in this place.
 D = Time resting spent in this place.
 E = Time spent auto-exploring this place.
 F = Levels seen in this place.
 G = Mean time per level.
                   A        B        C        D        E       F      G
               +--------+--------+--------+--------+--------+-----+--------+
         Total |    408 |    408 |      0 |      0 |    343 |   1 |  408.0 |
       Dungeon |    408 |    408 |      0 |      0 |    343 |   1 |  408.0 |
               +--------+--------+--------+--------+--------+-----+--------+

Top non-repeatable levels by time:
     D:1: 408 daAuts
